AoeStats
← Muscle Boy

MegaRandom

510323027Analyzed
3v3 RM · 2d ago on Sep 30, 2026· 87m 52s· 6 players
Game mode
Random Map
Map size
Normal (6 player)
Population
200
Speed
Normal
Resources
Standard
Victory
Conquest
Starting age
Dark Age
Ending age
Imperial Age
RankedLock teamsTeams togetherTeam positionsShared explorationLock speedFull tech treeHidden civsTurbo modeCheats
Victory
Defeat
🇻🇳 Khitans · Vietnam
789
+13
🇻🇳 Wu · Vietnam
753
+15
🇻🇳 Britons · Vietnam
675
+18
🇫🇷 Britons · France
769
-17
🇲🇽 Romans · Mexico
714
-15
🇩🇪 Vietnamese · Germany
697
-14
Rdal4
1:08 Loom
10:23 Feudal Age
14:32 Gold Mining
14:33 Stone Mining
15:22 Forging
15:09 Double-Bit Axe
15:44 Scale Mail Armor
19:26 Castle Age
21:33 Wheelbarrow
21:38 Gold Shaft Mining
29:01 Bow Saw
30:33 Yeomen
30:52 Fortified Wall
30:35 Horse Collar
31:20 Treadmill Crane
31:47 Town Watch
32:47 Chain Mail Armor
33:07 Iron Casting
32:25 Fletching
32:35 Padded Archer Armor
36:14 Imperial Age
36:34 Ballistics
37:29 Conscription
36:32 Elite Longbowman
37:49 Hoardings
38:35 Arson
38:50 Squires
39:53 Blast Furnace
40:20 Plate Mail Armor
40:06 Leather Archer Armor
39:46 Bodkin Arrow
42:24 Chemistry
41:10 Arrowslits
52:35 Bracer
52:38 Heated Shot
53:21 Ring Archer Armor
52:52 Murder Holes
53:03 Siege Engineers
53:09 Masonry
60:28 Hand Cart
60:13 Town Patrol
66:32 Architecture
ChrisTT
1:05 Loom
10:52 Feudal Age
11:45 Town Watch
12:35 Wheelbarrow
11:48 Double-Bit Axe
14:47 Fishing Lines
15:23 Gold Mining
15:15 Horse Collar
17:37 Stone Mining
18:13 Arson
23:08 Castle Age
25:13 Hand Cart
25:20 Pikeman
26:01 Squires
25:23 Elite Skirmisher
25:24 Crossbowman
26:09 Thumb Ring
26:43 Stone Shaft Mining
26:44 Husbandry
27:40 Heavy Plow
30:44 Bloodlines
29:55 Light Cavalry
32:01 Bow Saw
34:30 Imperial Age
32:59 Ballistics
32:35 Murder Holes
33:56 Padded Archer Armor
33:46 Fletching
34:07 Forging
33:58 Scale Mail Armor
36:59 Caravan
39:36 Leather Archer Armor
41:54 Ring Archer Armor
41:19 Bodkin Arrow
43:15 Chemistry
42:26 Masonry
42:28 Fortified Wall
43:33 Two-Man Saw
43:07 Crop Rotation
42:40 Halberdier
46:34 Paper Money
46:50 Hoardings
46:37 Bracer
47:12 Iron Casting
47:13 Imperial Skirmisher
47:13 Arbalester
50:19 Elite Rattan Archer
51:00 Chatras
53:43 Elite Battle Elephant
dmartinez4758
0:31 Loom
12:43 Feudal Age
14:26 Double-Bit Axe
14:23 Horse Collar
14:38 Gold Mining
18:44 Man-at-Arms
19:29 Stone Mining
25:11 Castle Age
24:33 Scale Mail Armor
24:44 Forging
27:38 Long Swordsman
28:18 Squires
28:25 Caravan
29:20 Bow Saw
29:13 Heavy Plow
31:32 Gold Shaft Mining
36:15 Chain Mail Armor
36:37 Iron Casting
36:08 Scale Barding Armor
36:52 Pikeman
42:56 Imperial Age
41:36 Ballistas
43:03 Chain Barding Armor
44:40 Chemistry
43:39 Murder Holes
43:58 Fortified Wall
44:33 Ballistics
47:07 Wheelbarrow
46:18 Town Watch
48:30 Heavy Scorpion
48:49 Legionary
51:14 Blast Furnace
51:57 Halberdier
Muscle Boy
15:48 Feudal Age
20:33 Double-Bit Axe
26:21 Castle Age
25:30 Horse Collar
29:01 Bow Saw
34:47 Imperial Age
32:25 Heavy Plow
34:32 Pikeman
36:32 Chemistry
35:46 Scale Mail Armor
36:36 Forging
38:12 Wheelbarrow
38:51 Elite Longbowman
41:50 Halberdier
45:42 Padded Archer Armor
45:34 Fletching
46:51 Conscription
46:55 Hand Cart
46:36 Gold Mining
48:38 Gold Shaft Mining
49:06 Leather Archer Armor
48:47 Bodkin Arrow
49:08 Caravan
50:26 Squires
72:19 Ring Archer Armor
71:52 Bracer
85:20 Yeomen
applerutz20052001
0:40 Loom
14:09 Feudal Age
15:28 Double-Bit Axe
18:11 Castle Age
19:52 Domestication
22:37 Pastoralism
25:04 Gold Mining
25:13 Stone Mining
25:52 Light Cavalry
27:31 Stone Shaft Mining
27:11 Bow Saw
28:01 Wheelbarrow
27:12 Town Watch
29:02 Hand Cart
28:56 Scale Barding Armor
29:02 Forging
29:27 Town Patrol
30:21 Chain Barding Armor
32:38 Imperial Age
30:46 Town Patrol
32:48 Fishing Lines
32:59 Gambesons
33:15 Squires
33:00 Arson
33:57 Plate Barding Armor
33:23 Scale Mail Armor
32:50 Hussar
34:01 Thumb Ring
34:35 Husbandry
35:43 Chemistry
35:22 Iron Casting
36:13 Parthian Tactics
35:08 Elite Skirmisher
36:50 Transhumance
37:27 Two-Man Saw
37:28 Elite Liao Dao
39:43 Elite Skirmisher
40:44 Chain Mail Armor
42:31 Plate Mail Armor
42:30 Ballistics
42:07 Murder Holes
42:02 Heated Shot
41:54 Treadmill Crane
45:36 Pikeman
45:53 Heavy Rocket Cart
49:15 Padded Archer Armor
49:06 Fletching
52:23 Leather Archer Armor
52:03 Bodkin Arrow
54:57 Bracer
55:28 Ring Archer Armor
56:07 Ordo Cavalry
56:07 Lamellar Armor
77:57 Guard Tower
79:34 Spies/Treason
83:54 Medium Warships
83:05 Demolition Ship
85:25 Heavy Warships
K o h i m e
11:44 Feudal Age
12:53 Double-Bit Axe
15:22 Horse Collar
17:08 Bloodlines
25:05 Castle Age
28:52 Light Cavalry
29:33 Husbandry
29:47 Forging
30:07 Bow Saw
30:01 Heavy Plow
33:37 Scale Barding Armor
34:08 Iron Casting
41:15 Imperial Age
39:17 Chain Barding Armor
42:29 Caravan
45:29 Hussar
48:42 Blast Furnace
48:18 Plate Barding Armor
55:45 Sitting Tiger
Connection lost

Rejoining the realm…

Still unreachable

The connection could not be restored.

Session expired

The server has moved on; the page needs a fresh start.